 Dungeon Sprint DCSS version 0.30-a0-12-gd8047c6341 (webtiles) character file.

Game seed: 16246665888996471994

308 Hubris850 the Martial Artist (level 6, -3/43 HPs)
             Began as a Merfolk Transmuter on Aug 23, 2022.
             Was an Elder of Makhleb.
             Slain by a gnoll sergeant
             ... wielding a +0 spear
              (6 damage)
             ... in the Dungeon (Sprint VII: "The Pits").
             The game lasted 00:03:11 (607 turns).

Hubris850 the Martial Artist (Merfolk Transmuter)    Turns: 607, Time: 00:03:12

Health: -3/43      AC:  2    Str: 12    XL:     6   Next: 40%
Magic:  12/14      EV: 12    Int: 13    God:    Makhleb [****..]
Gold:   0          SH:  0    Dex: 14    Spells: 9/16 levels left

rFire   . . .      SeeInvis .      - Unarmed
rCold   . . .      Faith    .    (no shield)
rNeg    . . .      Spirit   .    a - +0 robe
rPois   .          Reflect  .    (no helmet)
rElec   .          Harm     .    (no cloak)
rCorr   .          Rampage  .    (no gloves)
Will    .....      NoTele   +    (no boots)
Stlth   +.........               (no amulet)
HPRegen 0.14/turn                (no ring)
MPRegen 0.14/turn                (no ring)

@: on berserk cooldown, slowed, very slow
A: (nimble swimmer 2), mertail
a: Renounce Religion, Minor Destruction, Lesser Servant of Makhleb, Major
Destruction


You were in the Dungeon.
You worshipped Makhleb.
Makhleb was greatly pleased with you.
You visited 1 branch

Inventory:

Armour
 a - a +0 robe (worn)
 l - a +3 chain mail
Scrolls
 h - a scroll of blinking
 j - 5 scrolls of amnesia
 k - a scroll of summoning
Potions
 b - a potion of lignification
 c - 6 potions of curing
 d - 5 potions of heal wounds
 e - a potion of haste
 f - 4 potions of magic
 g - 2 potions of berserk rage
 i - 2 potions of invisibility


   Skills:
 - Level 1.1 Fighting
 - Level 2.6 Dodging
 * Level 10.1 Unarmed Combat
 + Level 5.9 Spellcasting
 + Level 8.5 Transmutations
 + Level 4.2 Ice Magic


You had 9 spell levels left.
You knew the following spells:

 Your Spells              Type           Power      Damage    Failure   Level
a - Beastly Appendage     Tmut           52%        N/A       1%          1
b - Wereblood             Tmut           26%        N/A       1%          2
c - Ice Form              Ice/Tmut       20%        N/A       12%         4

Your spell library contained the following spells:

 Spells                   Type           Power      Damage    Failure   Level
 Spider Form              Tmut/Pois      14%        N/A       9%          3


Dungeon Overview and Level Annotations

Branches:
Dungeon (1/1)

Altars:
Ashenzari
Cheibriados
Dithmenos
Elyvilon
Fedhas
Gozag
Hepliaklqana
Kikubaaqudgha
Makhleb
Nemelex Xobeh
Okawaru
Qazlal
Ru
Sif Muna
Trog
Uskayaw
Vehumet
Wu Jian
Xom
Yredelemnul
Zin
The Shining One
Jiyva
Lugonu


Innate Abilities, Weirdness & Mutations

((You are very nimble when in or above water. (Stealth+, EV+, Speed+++)))
Your lower body shifts to a powerful aquatic tail in water.


Message History

You feel better. The hobgoblin hits you.
The gnoll sergeant hits you with a +0 spear.
There is an open door, spattered with blood here.
Items here: ( )) ††.
You pummel the hobgoblin!!
You feel a bit better.
You kill the hobgoblin!
Makhleb accepts your kill.
You feel better. The gnoll sergeant closely misses you.
You have reached level 6!
You miss the wolf. You punch the wolf!
The wolf is heavily wounded.
The wolf barely misses you.
The gnoll sergeant hits you with a +0 spear!
You miss the wolf. Your punch misses the wolf.
The wolf is heavily wounded.
The wolf bites you!
* * * LOW HITPOINT WARNING * * *
You pummel the wolf!!
You feel a bit better.
You kill the wolf!
Makhleb accepts your kill.
You feel better.
The gnoll sergeant hits you with a +0 spear!
* * * LOW HITPOINT WARNING * * *
Your Unarmed Combat skill increases to level 10!
Your Transmutations skill increases to level 8!
Your Ice Magic skill increases to level 4!
You pummel the gnoll sergeant!!
The gnoll sergeant is severely wounded.
You are no longer berserk.
You are exhausted.
You feel yourself slow down.
You barely miss the gnoll sergeant.
The gnoll sergeant is severely wounded.
Your primal bloodlust has ended.
The kobold hits you with a +0 short sword.
* * * LOW HITPOINT WARNING * * *
The gnoll sergeant hits you with a +0 spear.
You die...

#.#..#...'.##.....
#.#..#...#.#####'#
#.#..#####.##.....
#.#..'...#÷##.....
#.#..'...'.##.....
#†#..########...<.
#.#.†'.)))[##.....
#)#..#.))).##.....
#@###########.....
#Kg# ###### #....
##.#.# .....
.#.#.# ... ..# .#
# .+


You could see a gnoll sergeant and a kobold.

Vanquished Creatures
  A floating eye (D)
  A wolf (D)
  A kobold brigand (D)
  4 gnolls (D)
  A giant cockroach (D)
  A goblin (D)
  A hobgoblin (D)
  5 jackals (D)
  3 quokkas (D)
  A jackal zombie (D)
  A rat (D)
20 creatures vanquished.

Notes
Turn   | Place    | Note
-------+----------+-------------------------------------------
     0 | D        | Hubris850 the Merfolk Transmuter began the quest for the
                  | Orb.
     0 | D        | Reached XP level 1. HP: 15/15 MP: 3/3
    35 | D        | Found a glowing golden altar of the Shining One.
    35 | D        | Found a glowing silver altar of Zin.
    35 | D        | Found a basalt altar of Yredelemnul.
    35 | D        | Found a shimmering altar of Xom.
    35 | D        | Found an ornate altar of the Wu Jian Council.
    35 | D        | Found a bloodstained altar of Trog.
    35 | D        | Found a shimmering blue altar of Sif Muna.
    35 | D        | Found a sacrificial altar of Ru.
    35 | D        | Found a stormy altar of Qazlal.
    35 | D        | Found an iron altar of Okawaru.
    35 | D        | Found a sparkling altar of Nemelex Xobeh.
    35 | D        | Found a burning altar of Makhleb.
    35 | D        | Found a viscous altar of Jiyva.
    35 | D        | Found a hazy altar of Hepliaklqana.
    35 | D        | Found an opulent altar of Gozag.
    35 | D        | Found a blossoming altar of Fedhas.
    35 | D        | Found a white marble altar of Elyvilon.
    35 | D        | Found a shadowy altar of Dithmenos.
    35 | D        | Found a snail-covered altar of Cheibriados.
    36 | D        | Found a radiant altar of Vehumet.
    36 | D        | Found a corrupted altar of Lugonu.
    37 | D        | Found a hide-covered altar of Uskayaw.
    37 | D        | Found an ancient bone altar of Kikubaaqudgha.
    37 | D        | Found a broken altar of Ashenzari.
    72 | D        | Became a worshipper of Makhleb the Destroyer
    91 | D        | Reached skill level 4 in Unarmed Combat
   107 | D        | Reached * piety under Makhleb
   114 | D        | Reached XP level 2. HP: 13/21 MP: 3/5
   233 | D        | Reached ** piety under Makhleb
   469 | D        | Learned a level 2 spell: Wereblood
   476 | D        | Noticed a floating eye
   482 | D        | Killed a floating eye
   482 | D        | Reached *** piety under Makhleb
   483 | D        | Reached skill level 7 in Unarmed Combat
   483 | D        | Reached XP level 3. HP: 26/26 MP: 2/9
   483 | D        | Reached XP level 4. HP: 32/32 MP: 2/10
   541 | D        | Learned a level 4 spell: Ice Form
   580 | D        | Reached skill level 8 in Unarmed Combat
   580 | D        | Reached XP level 5. HP: 21/37 MP: 10/12
   581 | D        | Noticed a kobold brigand
   593 | D        | Noticed a wolf
   595 | D        | Reached skill level 1 in Ice Magic
   595 | D        | Reached **** piety under Makhleb
   598 | D        | Killed a kobold brigand
   599 | D        | Reached skill level 9 in Unarmed Combat
   599 | D        | Reached skill level 5 in Spellcasting
   602 | D        | Reached XP level 6. HP: 35/43 MP: 12/14
   606 | D        | Reached skill level 10 in Unarmed Combat
   607 | D        | Slain by a gnoll sergeant

Illustrated notes

Levels and vault maps discovered:
D:        pitsprint [storerooms_1, entrance_room_1, metal_vault_3, armoury_1,
          mini_pit_1, grid_room_1, main_hall_1, silver_pit, the_coven_1,
          the_vestibule_1, steel_vault_1, golden_pit, hallway_of_sentries,
          crystal_vault_3, iron_vault_2, final_vault]

Skill      XL: |  1  2  3  4  5  6 |
---------------+-------------------+-----
Transmutations | 3 6 7 8 |  8.5
Unarmed Combat | 4 7 8 9 10 | 10.1
Spellcasting   | 4 5 |  5.9
Ice Magic      | 3 4 |  4.2
Fighting       | |  1.1
Dodging        | |  2.6

Action                   |  1- 3 |  4- 6 || total
-------------------------+-------+-------++-------
Melee: Unarmed           |    40 |    35 ||    75
       Headbutt          |     1 |       ||     1
       Punch             |     1 |       ||     1
 Cast: Wereblood         |     1 |     2 ||     3
       Beastly Appendage |     1 |     1 ||     2
  Use: Potion            |       |     2 ||     2
 Stab: Sleeping          |     1 |       ||     1
Armor: Robe              |     5 |       ||     5
Dodge: Dodged            |    15 |    14 ||    29

Table legend: (Time is in decaauts)
 A = Elapsed time spent in this place.
 B = Non-inter-level travel time spent in this place.
 C = Inter-level travel time spent in this place.
 D = Time resting spent in this place.
 E = Time spent auto-exploring this place.
 F = Levels seen in this place.
 G = Mean time per level.
                   A        B        C        D        E       F      G
               +--------+--------+--------+--------+--------+-----+--------+
         Total |    593 |    593 |      0 |    321 |      0 |   1 |  593.0 |
       Dungeon |    593 |    593 |      0 |    321 |      0 |   1 |  593.0 |
               +--------+--------+--------+--------+--------+-----+--------+

Top non-repeatable levels by time:
       D: 593 daAuts
